 Dungeon Crawl Stone Soup version 0.22-a0-247-gbddf880 (webtiles) character file.

184 4thArraOfDagon the Sneak (level 5, -6/22 HPs)
             Began as a Felid Transmuter on Feb 27, 2018.
             Was a Believer of Cheibriados.
             Killed by divine providence
             ... invoked by an orc priest
              (12 damage)
             ... on level 3 of the Dungeon.
             The game lasted 00:10:54 (3101 turns).

4thArraOfDagon the Sneak (Felid Transmuter)         Turns: 3101, Time: 00:10:54

Health: -6/22      AC:  2    Str: 14    XL:     5   Next: 36%
Magic:  9/9        EV: 24    Int: 22    God:    Cheibriados [**....]
Gold:   78         SH:  0    Dex: 27    Spells: 3/9 levels left
                                        Lives:  0   Deaths: 1

rFire    . . .     SeeInvis +     - Unarmed
rCold    . . .     Gourm    .   (shield unavailable)
rNeg     . . .     Faith    .   (armour unavailable)
rPois    x         Spirit   .   (helmet unavailable)
rElec    .         Reflect  .   (cloak unavailable)
rCorr    .         Harm     .   (gloves unavailable)
MR       .....                  (boots unavailable)
Stlth    +.........             (no amulet)
HPRegen  0.07/turn              g - +2 ring of strength (curse)
MPRegen  0.11/turn              (no ring)

@: confused, spider-form (expiring), very slow
A: tiny, no armour, no weapons or thrown items, stealth, see invisible,
carnivore, slow metabolism 1
a: End Transformation, Bend Time, Renounce Religion


You were on level 3 of the Dungeon.
You worshipped Cheibriados.
Cheibriados was pleased with you.
You were very full.
You were a venomous arachnid creature.
You visited 1 branch of the dungeon, and saw 3 of its levels.

You collected 78 gold pieces.

Inventory:

Missiles
 a - 45 arrows
Jewellery
 g - a cursed +2 ring of strength (left front leg)
Wands
 m - a wand of scattershot (4)
Scrolls
 c - 4 scrolls of remove curse {unknown}
 f - a scroll of fear {unknown}
 h - 3 scrolls of teleportation {unknown}
 k - a scroll of random uselessness {unknown}
Potions
 d - a potion of cancellation
 i - a potion of resistance
 j - a potion of lignification {unknown}
 l - a potion of haste {unknown}
Comestibles
 b - 8 rations


   Skills:
 + Level 2.0 Fighting
 + Level 3.8 Dodging
 * Level 4.1 Stealth
 * Level 4.0 Unarmed Combat
 + Level 2.5 Spellcasting
 + Level 3.0 Transmutations
 + Level 1.4 Invocations


You had 3 spell levels left.
You knew the following spells:

 Your Spells              Type           Power        Failure   Level  Hunger
a - Beastly Appendage     Tmut           ###...       12%         1    None
b - Sticks to Snakes      Tmut           ###.....     16%         2    ##.....
c - Spider Form           Tmut/Pois      #.........   43%         3    ###....


Dungeon Overview and Level Annotations

Branches:
Dungeon (3/15)

Altars:
Cheibriados
Dithmenos
Gozag
Okawaru
Qazlal
Vehumet
Wu Jian

Annotations:
D:2 exclusion: adder
D:3 Robin


Innate Abilities, Weirdness & Mutations

You cannot wear armour.
You are incapable of wielding weapons or throwing items.
Your paws allow you to move quietly. (Stealth)
((You have sharp claws.))
((You have razor-sharp teeth.))
You have supernaturally acute eyesight. (SInv)
You are carnivorous and can eat meat at any time.
((You cover ground quickly.))
((You are covered in fur. (AC +1)))
You have a slow metabolism.
((Your sharp claws are effective at attacking unaware monsters.))


Message History

The orc priest completely misses you.
Unknown command.
You hit the orc priest.
The orc priest is poisoned.
The orc priest is moderately wounded.
The orc priest completely misses you.
Unknown command.
You hit the orc priest.
The orc priest looks as sick as possible!
The orc priest is severely wounded.
The orc priest calls down the wrath of Beogh upon you.
Beogh smites you!
Ouch! That really hurt!
* * * LOW HITPOINT WARNING * * *
Unknown command.
You are confused.
You feel invigorated.
The orc priest invokes the aid of Beogh against you.
Beogh smites you!
Ouch! That really hurt!
You die...

........#
###.###..#######
.#[###### ##.###..#
.#.# #.......#
.#.############.#####.#
.#........†.....# #.#
.##############.# #.#
#[# #.#
#########.#####.#
.......[..so....#
############.#### #)#
...o....# #########


You could see an orc priest.

Vanquished Creatures
  An ogre (D:3)
  Terence (D:3)
  Ijyb (D:3)
  5 adders
  2 worms (D:2)
  2 dart slugs
  3 leopard geckos
  6 orcs (D:3)
  8 ball pythons
  5 bats
  4 giant cockroaches
  18 goblins
  10 hobgoblins
  4 jackals (D:2)
  5 kobolds
  A quokka (D:2)
  5 frilled lizards
  7 rats
88 creatures vanquished.

Vanquished Creatures (collateral kills)
  A hobgoblin (D:1)
1 creature vanquished.

Vanquished Creatures (others)
  2 plants (D:2)
2 creatures vanquished.

Grand Total: 91 creatures vanquished

Notes
Turn   | Place    | Note
-------+----------+-------------------------------------------
     0 | D:1      | 4thArraOfDagon the Felid Transmuter began the quest for the Orb.
     0 | D:1      | Reached XP level 1. HP: 9/9 MP: 4/4
   166 | D:1      | Reached skill level 1 in Stealth
   203 | D:1      | Reached XP level 2. HP: 8/12 MP: 6/6
   207 | D:1      | Learned a level 2 spell: Sticks to Snakes
   350 | D:2      | Found a shadowy altar of Dithmenos.
   351 | D:2      | Found a radiant altar of Vehumet.
   353 | D:2      | Found a stormy altar of Qazlal.
   361 | D:2      | Found an ornate altar of the Wu Jian Council.
   366 | D:2      | Found an iron altar of Okawaru.
   366 | D:2      | Found an opulent altar of Gozag.
   367 | D:2      | Found a snail-covered altar of Cheibriados.
   372 | D:2      | hmm
   375 | D:2      | Became a worshipper of Cheibriados the Contemplative
   458 | D:1      | Reached XP level 3. HP: 10/15 MP: 2/7
  1157 | D:2      | Learned a level 3 spell: Spider Form
  1445 | D:2      | Reached XP level 4. HP: 5/19 MP: 3/8
  1653 | D:2      | Reached * piety under Cheibriados
  2087 | D:3      | Noticed Ijyb
  2108 | D:3      | Noticed Terence
  2348 | D:3      | Noticed Robin
  2435 | D:3      | Noticed an ogre
  2499 | D:3      | Reached ** piety under Cheibriados
  2499 | D:3      | Reached skill level 1 in Invocations
  2628 | D:3      | Killed Terence
  2628 | D:3      | Reached XP level 5. HP: 19/22 MP: 5/9
  2637 | D:3      | Mangled by an ogre
  2638 | D:3      | Reached XP level 4. HP: -11/19 MP: 4/8
  2638 | D:3      | Found a faded altar of an unknown god.
  2936 | D:3      | Killed an ogre
  2936 | D:3      | Reached XP level 5. HP: 22/22 MP: 0/9
  2983 | D:3      | Killed Ijyb
  3101 | D:3      | Killed from afar by an orc priest

Vault maps used:
D:1:      ncdulo_halloftheorcs
D:2:      grunt_temple_overflow_open, minmay_shallow_snake_nest
D:3:      chequers_ecumenical_altar_simple_redux, first_ration, uniq_ijyb,
          uniq_terence, uniq_robin

Skill      XL: |  1  2  3  4  5 |
---------------+----------------+-----
Stealth        | 1 2 3 4 |  4.1
Dodging        | 3 |  3.8
Invocations    | 1 |  1.4
Fighting       | 2 |  2.0
Unarmed Combat | 4 |  4.0
Transmutations | 3 |  3.0
Spellcasting   | |  2.5

Action                   |  1- 3 |  4- 6 || total
-------------------------+-------+-------++-------
Melee: Unarmed           |    77 |   147 ||   224
       Headbutt          |     2 |     1 ||     3
       Bite              |     3 |    10 ||    13
 Cast: Beastly Appendage |     3 |     1 ||     4
       Sticks to Snakes  |     9 |     6 ||    15
       Spider Form       |     3 |    11 ||    14
  Use: Scroll            |     3 |     3 ||     6
       Potion            |     1 |     4 ||     5
 Stab: Sleeping          |     6 |     5 ||    11
       Distracted        |     1 |     1 ||     2
  Eat: Chunk             |     9 |    10 ||    19
Armor: Skin              |     4 |     9 ||    13
Dodge: Dodged            |    50 |   150 ||   200

Table legend:
 A = Spawn XP
 B = Non-spawn XP
 C = Spawn XP percentage of total XP
 D = Spawn monster count
 E = Non-spawn monster count
 F = Spawn count percentage of total count
 G = Total turns spent on level
                    A         B        C        D         E        F      G
               +---------+---------+-------+---------+---------+-------+---------
         Total |       0 |     370 |   0.0 |       0 |      89 |   0.0 |  3101
               +---------+---------+-------+---------+---------+-------+---------
           D:1 |       0 |      28 |   0.0 |       0 |      15 |   0.0 |   864
           D:2 |       0 |      97 |   0.0 |       0 |      34 |   0.0 |  1570
           D:3 |       0 |     245 |   0.0 |       0 |      40 |   0.0 |   667
               +---------+---------+-------+---------+---------+-------+---------
